 Dungeon Crawl Stone Soup version 0.26-a0-639-g72c4674329 (webtiles) character file.

Game seed: 18183484270756550132

198 Borgoz the Cudgeler (level 5, -11/33 HPs)
             Began as a Gargoyle Berserker on Sept 18, 2020.
             Was a Believer of Trog.
             Blown up by Ijyb (30 damage)
             ... with a disintegration bolt
             ... on level 4 of the Dungeon.
             The game lasted 00:02:46 (2717 turns).

Borgoz the Cudgeler (Gargoyle Berserker)            Turns: 2717, Time: 00:02:46

Health: -11/33     AC: 11    Str: 21    XL:     5   Next: 77%
Magic:  5/5        EV: 11    Int:  7    God:    Trog [**....]
Gold:   241        SH:  0    Dex: 10    Spells: 4/4 levels left

rFire    . . .     SeeInvis .   u - +0 flail
rCold    . . .     Faith    .   (no shield)
rNeg     + . .     Spirit   .   d - +0 ring mail
rPois    ∞         Reflect  .   b - +1 helmet
rElec    +         Harm     .   n - scarf {repulsion}
rCorr    .         Rampage  .   (no gloves)
MR       .....                  (no boots)
Stlth    ..........             (no amulet)
HPRegen  0.11/turn              (no ring)
MPRegen  0.09/turn              j - ring of flight

@: repel missiles
A: negative energy resistance 1, electricity resistance, unbreathing,
petrification resistance, rot immunity, AC +4
a: Berserk, Trog's Hand, Renounce Religion, Evoke Flight


You were on level 4 of the Dungeon.
You worshipped Trog.
Trog was pleased with you.
You visited 1 branch of the dungeon, and saw 4 of its levels.

You collected 241 gold pieces.

Inventory:

Hand Weapons
 u - a +0 flail (weapon)
Armour
 b - a +1 helmet (worn)
 d - a +0 ring mail (worn)
 n - a scarf of repulsion (worn)
 o - cursed +0 fire dragon scales
Jewellery
 j - a ring of flight (right hand)
Wands
 a - a wand of polymorph (7)
 r - a wand of iceblast (10)
Scrolls
 e - 2 scrolls of remove curse
 f - a scroll of teleportation {unknown}
 l - a scroll of blinking {unknown}
 m - a scroll of enchant armour {unknown}
 p - 3 scrolls of identify {unknown}
 v - a scroll of magic mapping {unknown}
Potions
 c - a potion of brilliance {unknown}
 g - a potion of degeneration {unknown}
 h - a potion of resistance {unknown}
 i - a potion of ambrosia {unknown}
 k - 4 potions of curing {unknown}
 q - 2 potions of haste {unknown}
 s - a potion of stabbing {unknown}
 t - a potion of lignification {unknown}


   Skills:
 + Level 4.2 Fighting
 * Level 4.5 Maces & Flails
 + Level 3.4 Armour
 + Level 2.4 Dodging


You had 4 spell levels left.
You didn't know any spells.
Your spell library was empty.

Dungeon Overview and Level Annotations

Branches:
Dungeon (4/15)
 Temple: D:4-7

Altars:

Annotations:
D:4 Ijyb


Innate Abilities, Weirdness & Mutations

You are resistant to torment.
Your stone body is resilient. (AC +4)
You are immune to poison.
You resist negative energy. (rN+)
You are resistant to electric shocks. (rElec)
You can survive without breathing.
You are immune to petrification.
You are immune to rotting.


Message History

You thump Ijyb!
Ijyb is moderately wounded.
Ijyb barely misses you.
You completely miss Ijyb.
Ijyb is moderately wounded.
Ijyb barely misses you.
You hit Ijyb but do no damage.
Ijyb is moderately wounded.
Ijyb closely misses you.
You barely miss Ijyb.
Ijyb is moderately wounded.
Ijyb hits you but does no damage.
You hit Ijyb but do no damage.
Ijyb is moderately wounded.
Ijyb hits you but does no damage.
You hit Ijyb but do no damage.
Ijyb is moderately wounded.
Ijyb zaps a wand.
You are blasted!
Ijyb zaps a wand.
You are blasted!
Ouch! That really hurt!
You die...

## ####...##.#
####......##.#
#............#
##...........##
#.........)..#
##............###
#......<.........#
#..................
#....g@.........###
#(...............#
##...............#
###............##
###..........#
####..?...##
.#######


You could see Ijyb.

Vanquished Creatures
  A scorpion (D:4)
  An orc priest (D:3)
  4 adders
  An ooze (D:3)
  An adder skeleton (D:2)
  A worm (D:2)
  2 dart slugs (D:1)
  A leopard gecko (D:2)
  8 orcs
  6 giant cockroaches
  3 goblins
  5 hobgoblins
  2 quokkas
  A ball python (D:1)
  8 bats
  4 frilled lizards
  10 kobolds
  5 rats
64 creatures vanquished.

Notes
Turn   | Place    | Note
-------+----------+-------------------------------------------
     0 | D:1      | Borgoz the Gargoyle Berserker began the quest for the Orb.
     0 | D:1      | Reached XP level 1. HP: 14/14 MP: 1/1
   204 | D:1      | Reached XP level 2. HP: 19/19 MP: 2/2
   562 | D:1      | Reached XP level 3. HP: 23/23 MP: 3/3
  1088 | D:2      | Reached ** piety under Trog
  1443 | D:2      | Reached XP level 4. HP: 29/29 MP: 4/4
  2132 | D:3      | Reached XP level 5. HP: 33/33 MP: 5/5
  2708 | D:4      | Noticed Ijyb
  2717 | D:4      | Blown up by Ijyb

Illustrated notes

Levels and vault maps discovered:
D:1:      minmay_arrival_radiant_lines, layout_basic, solitary_fountain
D:2:      layout_loops_ring
D:3:      minmay_skewed_foursquare, layout_basic
D:4:      layout_cave_pods, minmay_temple_entry_grid, uniq_ijyb

Skill      XL: |  1  2  3  4 |
---------------+-------------+-----
Dodging        | 2 |  2.4
Armour         | 3 |  3.4
Maces & Flails | 4 |  4.5
Fighting       | 4 |  4.2

Action                   |  1- 3 |  4- 6 || total
-------------------------+-------+-------++-------
Melee: Mace              |   105 |    89 ||   194
       Flail             |       |    12 ||    12
  Use: Scroll            |     2 |       ||     2
Armor: Animal skin       |     4 |       ||     4
       Ring mail         |    64 |    44 ||   108
Dodge: Dodged            |    76 |    72 ||   148

Table legend: (Time is in decaauts)
 A = Elapsed time spent in this place.
 B = Non-inter-level travel time spent in this place.
 C = Inter-level travel time spent in this place.
 D = Time resting spent in this place.
 E = Time spent auto-exploring this place.
 F = Levels seen in this place.
 G = Mean time per level.
                   A        B        C        D        E       F      G
               +--------+--------+--------+--------+--------+-----+--------+
         Total |   2758 |   2662 |     96 |    148 |   2007 |   4 |  689.5 |
       Dungeon |   2758 |   2662 |     96 |    148 |   2007 |   4 |  689.5 |
               +--------+--------+--------+--------+--------+-----+--------+

Top non-repeatable levels by time:
     D:3: 958 daAuts
     D:1: 909 daAuts
     D:2: 741 daAuts
     D:4: 149 daAuts
